Map: Orbital Shipyard

Players

MythiC - Winner!

  • Race: Terran Terran
  • League: Grandmaster

Guru

  • Race: Zerg Zerg
  • League: Grandmaster

VOD

Have the link to the VOD?

Description

Time

  • Played on: Feb. 9, 2016, 1:04 p.m.
  • Length: 24:59
Show
View Real Time Build Order
Export as new Build Order

MythiC Terran - Winner!

Build Orders: Reaper Expand, MMM Bio 

Get SALT Encoding   

  12  0:01  SCV  
  13  0:13  SCV  
  14  0:18  Supply Depot  
  14  0:25  SCV  
  15  0:40  SCV  
  16  0:44  Barracks  
  16  0:47  Refinery  
  16  0:52  SCV  
  17  1:04  SCV  
  18  1:16  SCV  
  19  1:30  Orbital Command  
  19  1:31  Reaper  
  20  1:41  Command Center  
  20  1:52  Supply Depot  
  20  1:56  SCV  
  21  2:03  Marine  
  22  2:08  SCV  
  22  2:15  Factory  
  23  2:16  Refinery  
  23  2:20  SCV  
  24  2:28  Barracks Reactor  
  24  2:32  SCV  
  25  2:45  SCV  
  26  2:54  Orbital Command  
  26  2:57  SCV  
  27  3:02  Widow Mine, Starport  
  29  3:08  Marine x2  
  29  3:09  SCV  
  32  3:21  SCV x2  
  32  3:26  Marine x2  
  36  3:29  Supply Depot  
  36  3:33  SCV x2  
  38  3:40  Factory Tech Lab  
  38  3:41  Medivac  
  38  3:44  Marine  
  38  3:45  SCV  
  38  3:48  SCV  
  43  3:49  Command Center  
  43  3:57  Supply Depot, SCV, Marine  
  43  4:00  SCV  
  43  4:01  Liberator  
  43  4:02  Marine  
  47  4:04  Siege Tank  
  50  4:10  SCV  
  50  4:12  SCV  
  52  4:22  SCV  
  56  4:24  SCV  
  56  4:29  Supply Depot  
  59  4:34  Barracks  
  59  4:36  Barracks  
  59  4:37  SCV  
  58  4:41  SCV  
  56  4:48  Barracks  
  56  4:49  SCV  
  56  4:53  SCV  
  56  4:54  Factory Reactor  
  56  4:59  Marine  
  58  5:02  SCV  
  58  5:05  Supply Depot, SCV  
  60  5:07  Refinery  
  60  5:08  Refinery  
  60  5:10  Barracks x2  
  60  5:14  SCV  
  61  5:18  SCV  
  61  5:19  Marine  
  62  5:21  Starport Reactor  
  62  5:26  SCV  
  59  5:33  Orbital Command  
  59  5:34  Stimpack  
  59  5:35  SCV  
  57  5:36  Supply Depot  
  57  5:37  Marine  
  57  5:41  Factory Tech Lab  
  58  5:43  Supply Depot, Marine x4  
  58  5:45  Engineering Bay  
  58  5:46  SCV  
  58  5:47  Engineering Bay  
  58  5:48  Orbital Command  
  63  5:56  SCV, Marine  
  66  5:58  SCV, Barracks Reactor  
  66  5:59  Barracks Reactor  
  66  6:06  Marine x3  
  66  6:08  SCV  
  66  6:10  SCV  
  69  6:12  Missile Turret  
  69  6:13  Missile Turret  
  69  6:14  Missile Turret, SCV  
  69  6:17  Marine x2  
  72  6:20  SCV  
  72  6:23  Medivac, Marine x2  
  72  6:24  Marine  
  78  6:26  SCV  
  78  6:28  Medivac  
  78  6:29  SCV  
  78  6:32  SCV  
  83  6:36  Marine x3  
  83  6:37  Supply Depot  
  83  6:38  SCV  
  86  6:41  Siege Tank  
  86  6:43  Liberator  
  86  6:44  Marine x5  
  86  6:45  Marine  
  95  6:47  Liberator  
  95  6:50  SCV  
  95  6:54  Marine x3  
  96  6:57  SCV  
  96  6:58  SCV  
  96  6:59  Factory  
  96  7:01  Refinery  
  104  7:02  Marine  
  104  7:03  Refinery  
  104  7:04  Marine  
  104  7:05  Marine  
  104  7:08  SCV  
  111  7:10  SCV  
  111  7:11  Marine x3  
  115  7:16  Marine x2  
  115  7:20  Supply Depot  
  115  7:21  Supply Depot  
  117  7:23  Siege Tank, SCV x2  
  117  7:27  Marine x2  
  117  7:29  SCV  
  125  7:31  Terran Infantry Weapons Level 1  
  125  7:35  Combat Shields  
  125  7:36  Supply Depot  
  125  7:38  Terran Infantry Armor Level 1  
  125  7:41  Marine x6  
  125  7:43  Supply Depot  
  131  7:44  Factory Tech Lab  
  131  7:45  Liberator  
  131  7:46  Barracks  
  131  7:49  Marine x3, Armory  
  134  7:54  Liberator  
  134  7:55  SCV x3  
  137  7:59  Marine x4  
  137  8:03  Supply Depot  
  144  8:12  Marine x4  
  151  8:17  Supply Depot  
  151  8:26  Command Center  
  151  8:31  Marine x5  
  151  8:32  Marine x2  
  158  8:35  Barracks Tech Lab  
  158  8:45  Thor, Medivac  
  158  8:47  Marine x2  
  168  8:51  Marine x3  
  168  8:52  Marine x2  
  173  8:58  Terran Vehicle Weapons Level 1  
  173  8:59  Supply Depot  
  173  9:00  Supply Depot, Marine x2  
  173  9:01  Medivac  
  177  9:16  Supply Depot x2  
  177  9:17  Marine x4  
  177  9:21  Thor, Marine x4  
  191  9:27  Supply Depot x2  
  191  9:28  Siege Tank  
  191  9:31  Missile Turret  
  194  9:32  Missile Turret  
  194  9:33  Missile Turret  
  194  9:35  Marine x2  
  194  9:36  Missile Turret  
  196  9:43  Terran Infantry Weapons Level 2  
  196  9:46  Marine  
  196  9:47  Marine x2  
  196  9:48  Concussive Shells  
  196  10:00  Siege Tank  
  196  10:07  Marine  
  199  10:13  Terran Infantry Armor Level 2  
  200  10:24  Sensor Tower, Missile Turret  
  200  10:26  Missile Turret  
  199  10:40  Marine  
  186  10:55  Marine x3  
  189  10:57  Siege Tank x2  
  188  11:06  Marine x2  
  190  11:12  Supply Depot  
  190  11:14  Supply Depot  
  190  11:15  Supply Depot  
  190  11:16  Supply Depot, Marine x2  
  194  11:19  Marauder, Medivac  
  196  11:27  Planetary Fortress  
  196  11:29  Siege Tank  
  199  11:35  Marine  
  199  11:44  Marine x2  
  191  11:49  Marine x2  
  150  12:08  Marine  
  150  12:09  Marine x5  
  150  12:12  SCV x3  
  159  12:16  Marine x4  
  159  12:17  SCV  
  160  12:23  Siege Tank x2  
  160  12:24  SCV, Medivac x2  
  160  12:26  Marine x3  
  160  12:28  Marine x2  
  165  12:37  Marine  
  165  12:38  Marine  
  165  12:41  SCV x2  
  165  12:42  SCV  
  165  12:43  Terran Infantry Weapons Level 3  
  165  12:44  Marine, Terran Infantry Armor Level 3  
  172  12:46  Marine x2  
  172  12:49  Liberator  
  163  12:55  Siege Tank x2  
  163  12:57  Marine  
  128  13:00  Marine x4  
  128  13:01  Marine x2  
  128  13:02  Medivac  
  128  13:05  Marine x3  
  128  13:15  Marine  
  128  13:18  Marine x4  
  133  13:27  Thor, Siege Tank, Barracks, Marine x3  
  133  13:28  Barracks, Marine x2  
  133  13:32  Medivac  
  133  13:33  Marine  
  150  13:35  Marine x2  
  150  13:41  SCV x3  
  154  13:45  Marine  
  154  13:46  Liberator x2  
  156  13:53  Marine  
  156  13:54  Marauder  
  156  13:55  Marauder  
  157  13:59  Thor  
  154  14:04  Marine x5  
  157  14:10  Siege Tank, Marine x2  
  157  14:16  Marauder x2  
  118  14:24  Marine x3  
  118  14:26  Marine x3  
  118  14:29  Liberator x2  
  124  14:37  Marauder x2  
  128  14:46  Command Center  
  128  14:50  Marine  
  128  14:51  Thor, Marine x2  
  143  14:59  Marauder, Marine x3  
  147  15:00  Marauder  
  148  15:08  Marine x2  
  149  15:15  Marine x2  
  149  15:20  Marauder, Marine  
  149  15:21  Marauder, Marine  
  156  15:24  Liberator x2  
  156  15:28  Barracks Tech Lab  
  155  15:31  Refinery  
  155  15:32  Barracks Tech Lab  
  155  15:36  Marine x2  
  155  15:41  Marauder  
  161  15:42  Marauder  
  161  15:46  Refinery  
  161  15:47  Refinery  
  159  16:03  Marauder  
  161  16:04  Marauder  
  161  16:08  Missile Turret  
  161  16:13  Thor  
  161  16:15  Marauder x2, Marine x3  
  161  16:16  Marine x2  
  161  16:17  Marine x3  
  179  16:24  Marauder  
  183  16:25  Marauder  
  183  16:30  Command Center  
  183  16:34  Marine x3  
  183  16:36  Marauder x2  
  190  16:46  Marauder  
  171  16:48  Marauder, Marine x3  
  158  16:57  Marauder  
  157  17:02  Medivac x2  
  157  17:06  Marauder, Marine  
  158  17:15  Marine  
  158  17:16  Marauder  
  158  17:20  Marauder  
  163  17:27  Starport  
  163  17:32  Medivac  
  163  17:33  Medivac  
  167  18:02  Thor x2  
  179  18:16  Medivac x3  
  179  18:18  Marauder  
  181  18:29  Liberator x2  
  181  18:35  Marauder, Marine x2  
  185  18:46  Medivac  
  193  18:51  Marauder  
  193  18:54  Marine  
  196  18:59  Liberator  
  193  19:04  Planetary Fortress  
  193  19:11  Marine  
  195  19:21  Marauder  
  195  19:22  Marine  
  192  19:35  Marauder  
  176  19:44  Marauder  
  156  19:53  Medivac  
  158  20:06  Marauder x2, Marine  
  163  20:15  Medivac  
  165  20:27  Marine x2  
  165  20:28  Marauder  
  127  20:31  Marauder  
  127  20:35  Marauder  
  126  20:38  Medivac  
  128  20:47  Liberator x2  
  128  20:48  Marine  
  128  20:49  Marauder  
  131  20:50  Marine  
  131  20:56  Liberator  
  127  21:05  Marine  
  127  21:09  Marauder  
  133  21:13  Marine x2  
  133  21:18  Marauder  
  137  21:24  Marauder x2  
  130  21:32  Orbital Command  
  130  21:33  Marauder  
  130  21:34  Marine x2  
  130  21:39  Marauder  
  136  21:45  Marine x2  
  136  21:46  Marauder, Marine  
  141  21:50  Marine  
  141  21:51  Marine  
  145  22:03  Marauder, Marine x6  
  152  22:08  Marine  
  152  22:09  Marine  
  152  22:11  Thor  
  158  22:19  Thor  
  164  22:25  Liberator x2  
  164  22:31  Liberator, Marauder, Marine x3  
  169  22:38  Marauder, Marine  
  177  22:54  Thor  
  178  23:05  Marauder, Marine x2  
  180  23:07  Marauder x2, Marine x3  
  187  23:14  Marauder  
  187  23:16  Marine  
  182  23:27  Marauder  
  182  23:41  Marauder, Marine x2  
  185  24:11  Marauder  
  185  24:12  Marauder x2  
  185  24:16  Marauder, Marine x3  
  195  24:29  Marine  
  193  24:33  Marauder  
  195  24:39  Marine  
Show
View Real Time Build Order
Export as new Build Order

Guru Zerg 

Build Orders: Hatch First, Muta Ling Bane 

Get SALT Encoding   

  12  0:01  Drone  
  13  0:13  Overlord  
  13  0:17  Drone  
  14  0:31  Drone x2  
  14  0:35  Drone  
  17  0:51  Hatchery  
  17  0:54  Drone  
  17  1:09  Spawning Pool  
  17  1:10  Extractor  
  15  1:12  Drone  
  15  1:16  Drone  
  17  1:20  Drone  
  18  1:28  Drone  
  19  1:40  Overlord  
  19  1:55  Queen  
  19  1:56  Zergling x2  
  22  2:03  Queen  
  22  2:04  Drone x2  
  26  2:11  Metabolic Boost  
  26  2:16  Overlord  
  26  2:18  Drone  
  27  2:23  Drone  
  28  2:31  Queen  
  30  2:37  Drone x3  
  33  2:46  Drone  
  33  2:47  Drone  
  35  2:51  Lair  
  35  3:01  Drone x2  
  35  3:02  Drone  
  35  3:03  Drone x2  
  40  3:09  Drone x2  
  42  3:14  Overlord  
  42  3:18  Drone  
  43  3:20  Extractor, Drone x2  
  44  3:36  Hatchery  
  44  3:40  Drone  
  44  3:41  Drone x2  
  45  3:44  Zergling x6  
  45  3:46  Drone  
  45  3:47  Queen  
  51  3:55  Drone  
  51  4:01  Spire  
  51  4:03  Extractor  
  51  4:08  Drone x2  
  52  4:10  Overlord  
  52  4:12  Overlord  
  52  4:16  Overlord  
  52  4:18  Overseer  
  52  4:20  Overlord  
  52  4:26  Overlord  
  52  4:28  Queen x2  
  56  4:36  Overlord  
  55  4:41  Overlord  
  55  4:44  Overlord  
  55  4:45  Drone x3  
  57  4:46  Drone  
  57  4:50  Drone  
  58  4:55  Drone x4  
  62  5:13  Mutalisk x4  
  56  5:22  Drone x2  
  56  5:24  Drone x2  
  59  5:29  Drone x3  
  59  5:33  Drone x4  
  59  5:34  Mutalisk  
  68  5:38  Overlord  
  68  5:42  Zergling x4  
  70  5:48  Drone  
  72  5:50  Zergling x6  
  72  5:56  Zerg Flyer Weapons Level 1  
  74  5:58  Zergling x4  
  74  6:00  Zergling x2  
  74  6:03  Zergling x2  
  78  6:06  Mutalisk  
  78  6:07  Zergling x6  
  78  6:08  Zergling x2  
  78  6:10  Drone  
  78  6:11  Drone  
  86  6:13  Zergling x2  
  87  6:18  Evolution Chamber  
  87  6:21  Drone x2  
  87  6:22  Drone  
  89  6:31  Drone x3  
  92  6:33  Drone x3  
  92  6:36  Drone x3  
  92  6:38  Extractor  
  97  6:43  Drone x2  
  99  6:48  Mutalisk x2  
  99  6:51  Zerg Ground Armor Level 1  
  99  6:54  Drone x3  
  105  6:56  Hatchery, Drone x2  
  105  7:00  Extractor  
  106  7:03  Overlord  
  106  7:05  Overlord  
  107  7:08  Zergling x6  
  107  7:09  Zergling x2  
  107  7:15  Overlord  
  110  7:19  Drone  
  110  7:21  Overlord  
  111  7:24  Overlord  
  111  7:28  Mutalisk x3  
  117  7:30  Zergling x4  
  117  7:33  Baneling Nest, Zergling x4  
  120  7:38  Zergling x4  
  120  7:39  Zergling x6  
  120  7:41  Overlord  
  125  7:45  Extractor  
  125  7:47  Drone  
  125  7:51  Zerg Flyer Weapons Level 2  
  125  7:54  Mutalisk x2  
  125  7:58  Overlord  
  129  8:01  Drone  
  129  8:04  Drone  
  131  8:09  Zergling x8  
  131  8:10  Zergling x4  
  138  8:12  Drone  
  138  8:13  Hatchery, Drone x3  
  138  8:18  Centrifical Hooks  
  140  8:21  Mutalisk x2  
  140  8:23  Zergling x4  
  140  8:25  Zergling x6  
  149  8:30  Baneling x5  
  149  8:31  Baneling x2  
  149  8:33  Drone  
  149  8:34  Drone  
  151  8:39  Zergling x4  
  151  8:40  Drone x3  
  156  8:43  Zergling x6  
  156  8:45  Zergling x4  
  161  8:52  Mutalisk x3  
  161  8:54  Zergling x4  
  169  8:58  Mutalisk  
  171  9:10  Mutalisk x2  
  171  9:12  Zergling x2  
  171  9:13  Zergling x12  
  171  9:14  Zergling x2  
  171  9:15  Overlord  
  171  9:17  Zerg Melee Weapons Level 1  
  183  9:19  Queen x3  
  183  9:21  Queen  
  183  9:24  Baneling x6  
  191  9:25  Zergling x2  
  191  9:28  Zergling x8  
  191  9:30  Drone x2  
  198  9:35  Infestation Pit  
  197  9:39  Pneumatized Carapace  
  197  9:40  Zergling x6  
  197  9:43  Spore Crawler  
  189  9:55  Mutalisk x3  
  189  9:57  Zergling x2  
  189  9:58  Zergling x12  
  194  10:32  Hive  
  194  10:35  Zergling x2  
  194  10:36  Zergling x10  
  194  10:38  Hatchery  
  194  10:41  Zergling x2  
  200  10:48  Zergling x4  
  198  10:58  Zergling x2  
  198  10:59  Zergling x8  
  170  11:07  Zergling x2  
  170  11:08  Zergling x28  
  170  11:09  Zerg Flyer Armor Level 1  
  170  11:10  Zergling x10  
  170  11:11  Zergling x18  
  197  11:15  Baneling x6  
  197  11:16  Baneling x15  
  199  11:29  Spore Crawler  
  199  11:30  Spore Crawler  
  197  11:37  Zergling x4  
  199  11:43  Zergling x2  
  199  11:44  Zergling x26  
  199  11:46  Zergling x2  
  193  11:47  Zergling x6  
  193  11:49  Zergling x2  
  193  11:52  Zergling x6  
  193  11:53  Zergling x4  
  190  11:54  Zergling x2  
  190  11:55  Zergling x10  
  190  11:57  Ultralisk Cavern  
  180  12:07  Zergling x2  
  180  12:08  Zergling x22  
  158  12:11  Baneling x8  
  158  12:12  Baneling x3  
  158  12:13  Zergling x2  
  159  12:17  Zergling x6  
  159  12:18  Zergling x2  
  159  12:21  Zergling x6  
  160  12:23  Zergling x6  
  155  12:31  Zergling x8  
  157  12:41  Zergling x2  
  157  12:43  Chitinous Plating  
  152  12:47  Ultralisk  
  152  12:48  Ultralisk x4  
  146  13:04  Drone x3  
  146  13:05  Drone x2  
  145  13:11  Ultralisk  
  145  13:12  Ultralisk  
  157  13:15  Ultralisk  
  157  13:16  Hatchery  
  162  13:21  Drone  
  162  13:23  Drone  
  164  13:31  Ultralisk  
  164  13:32  Drone x4  
  164  13:33  Drone  
  175  13:53  Ultralisk  
  175  13:54  Zergling x2, Ultralisk  
  157  14:25  Infestor x3  
  157  14:27  Drone x3  
  166  14:35  Hatchery  
  165  14:41  Zerg Ground Armor Level 2  
  165  14:56  Drone  
  165  14:57  Drone x2  
  168  15:09  Ultralisk  
  174  15:18  Ultralisk  
  179  15:38  Drone x3  
  179  15:39  Mutalisk x3  
  188  15:44  Drone  
  188  15:46  Drone  
  188  15:49  Drone x3  
  194  15:50  Drone x2  
  195  16:12  Extractor  
  195  16:13  Extractor  
  195  16:15  Corruptor x2  
  197  16:25  Hatchery, Extractor  
  195  16:26  Extractor  
  195  16:29  Spore Crawler  
  195  16:31  Spine Crawler  
  195  16:32  Spine Crawler  
  176  16:47  Corruptor  
  176  16:48  Corruptor x4  
  176  16:49  Corruptor  
  106  17:03  Ultralisk x2  
  118  17:11  Ultralisk  
  124  17:20  Ultralisk  
  130  17:27  Infestor  
  132  17:34  Ultralisk  
  132  17:35  Zergling x2  
  139  17:43  Drone x2  
  139  17:44  Drone x3  
  144  17:52  Drone x2  
  146  18:00  Infestor  
  146  18:01  Infestor x2  
  147  18:06  Drone x3  
  147  18:07  Drone x3  
  153  18:20  Queen x4  
  160  18:37  Ultralisk  
  172  18:49  Ultralisk  
  177  18:59  Drone x2  
  164  19:20  Ultralisk x3  
  99  19:55  Ultralisk x3  
  99  19:56  Zergling x14  
  121  20:14  Zergling x10  
  121  20:15  Zergling x4  
  121  20:20  Hatchery  
  125  20:23  Hatchery  
  107  20:31  Corruptor  
  103  20:42  Drone x2  
  104  20:43  Drone  
  100  21:20  Drone x2  
  100  21:21  Drone  
  102  21:37  Infestor x2  
  105  22:09  Drone  
  105  22:10  Drone x11  
  105  22:12  Queen  
  110  22:37  Zergling x2  
  110  22:38  Zergling x16  
  110  22:42  Zergling x2  
  119  22:45  Zergling x4  
  111  23:04  Hatchery  
  93  23:16  Queen  
  93  23:17  Queen  
  72  23:36  Hatchery  
  71  23:44  Corruptor  
  73  24:12  Drone x2  
Tags
 
Add a new tag
Caveats
  • Supply blocks, unpowered buildings, or Contaminate may cause inaccurate times.
  • Supply counts are checked every 10 seconds.